 Dungeon Crawl Stone Soup version 0.23.2 (webtiles) character file.

Game seed: 5066481110226216812

369 Kairos the Cudgeler (level 6, -4/38 HPs)
             Began as a Gargoyle Monk on Apr 4, 2019.
             Was a Believer of Okawaru.
             Blown up by Ijyb (11 damage)
             ... with a wand of disintegration (12)
             ... on level 4 of the Dungeon.
             The game lasted 00:05:30 (3201 turns).

Kairos the Cudgeler (Gargoyle Monk)                 Turns: 3201, Time: 00:05:31

Health: -4/38      AC: 13    Str: 17    XL:     6   Next: 70%
Magic:  4/6        EV: 14    Int: 10    God:    Okawaru [**....]
Gold:   283        SH: 10    Dex: 12    Spells: 5/5 levels left

rFire    + . .     SeeInvis .   h - +4 club
rCold    . . .     Gourm    .   g - +0 shield
rNeg     + . .     Faith    .   t - +1 leather armour {rF+}
rPois    ∞         Spirit   .   o - +0 helmet
rElec    +         Reflect  .   (no cloak)
rCorr    .         Harm     .   l - +2 pair of gloves
MR       .....                  (no boots)
Stlth    +++.......             (no amulet)
HPRegen  0.12/turn              (no ring)
MPRegen  0.10/turn              (no ring)

@: heroism
A: negative energy resistance 1, electricity resistance, unbreathing,
petrification resistance, rot immunity, AC +4
a: Heroism, Renounce Religion


You were on level 4 of the Dungeon.
You worshipped Okawaru.
Okawaru was pleased with you.
You were hungry.

You visited 1 branch of the dungeon, and saw 4 of its levels.

You collected 283 gold pieces.

Inventory:

Hand Weapons
 a - a +0 mace
 h - a +4 club (weapon)
 i - a +0 whip
Missiles
 e - 10 tomahawks (quivered)
 s - 2 silver tomahawks
Armour
 b - a +0 robe
 f - a +3 leather armour of cold resistance
 g - a +0 shield (worn)
 l - a +2 pair of gloves (worn)
 o - a +0 helmet (worn)
 t - a +1 leather armour of fire resistance (worn)
Wands
 k - a wand of flame (13)
Scrolls
 d - 2 scrolls of remove curse
 j - 2 scrolls of identify {unknown}
 m - a scroll of fear {unknown}
 n - a scroll of fog {unknown}
 p - 2 scrolls of amnesia
Potions
 u - a potion of flight
Comestibles
 c - 8 rations


   Skills:
 + Level 4.0(9.0) Fighting
 + Level 5.2(10.2) Maces & Flails
 + Level 0.1(5.1) Throwing
 + Level 1.9(6.9) Armour
 + Level 3.3(8.3) Dodging
 + Level 2.6(7.6) Stealth
 + Level 2.4(7.4) Shields


You had 5 spell levels left.
You didn't know any spells.
Your spell library contained the following spells:

 Spells                   Type           Power        Failure   Level  Hunger
 Confusing Touch          Hex            #.....       75%         1    ##.....
 Confuse                  Hex            #.......     98%         3    ####...
 Gell's Gravitas          Tloc           #.........   98%         3    ####...
 Petrify                  Tmut/Erth      #.......     100%        4    #####..
 Metabolic Englaciation   Hex/Ice        #.........   100%        5    ######.
 Yara's Violent Unravell  Hex/Tmut       #.........   100%        5    ######.


Dungeon Overview and Level Annotations

Branches:
Dungeon (4/15)
 Temple: D:4-7

Altars:
Gozag
Okawaru
Uskayaw

Shops:
D:3 *

Annotations:
D:4 Ijyb


Innate Abilities, Weirdness & Mutations

You are resistant to torment.
Your stone body is resilient. (AC +4)
You are immune to poison.
You resist negative energy. (rN+)
You are resistant to electric shocks. (rElec)
You can survive without breathing.
You are immune to petrification.
You are immune to rotting.


Message History

Ijyb zaps a wand.
You are blasted!
* * * LOW HITPOINT WARNING * * *
You hit Ijyb but do no damage.
Ijyb is severely wounded.
Ijyb hits you but does no damage.
You closely miss Ijyb.
Ijyb is severely wounded.
You closely miss Ijyb.
Ijyb is severely wounded.
Ijyb misses you.
You hit Ijyb.
Ijyb is almost dead.
Ijyb zaps a wand.
You barely resist. You hit Ijyb.
Ijyb is almost dead.
Ijyb hits you but does no damage.
You hit Ijyb but do no damage.
Ijyb is almost dead.
Ijyb zaps a wand.
You are blasted!
You die...

#....................#..
#................######.
#...............## ##
#..............## #
##............. #
#............#
#............#
#........<..#
##....@g....#
#.........## #........##
#........# ##......##
#......# ...$...#
#.###....


You could see Ijyb.

Vanquished Creatures
  An ogre (D:4)
  A scorpion (D:3)
  Jessica (D:2)
  3 worker ants
  Robin (D:4)
  4 adders
  2 leopard geckos
  7 orcs
  A ball python (D:1)
  5 giant cockroaches
  15 goblins
  8 hobgoblins
  11 jackals
  7 kobolds
  2 quokkas
  3 bats (D:2)
  5 frilled lizards
  4 rats
81 creatures vanquished.

Vanquished Creatures (others)
  4 toadstools (D:2)
4 creatures vanquished.

Grand Total: 85 creatures vanquished

Notes
Turn   | Place    | Note
-------+----------+-------------------------------------------
     0 | D:1      | Kairos the Gargoyle Monk began the quest for the Orb.
     0 | D:1      | Reached XP level 1. HP: 14/14 MP: 1/1
    98 | D:1      | Reached XP level 2. HP: 17/19 MP: 2/2
   837 | D:2      | Reached XP level 3. HP: 23/23 MP: 3/3
   859 | D:2      | Reached skill level 1 in Armour
  1017 | D:2      | Found an iron altar of Okawaru.
  1022 | D:2      | Became a worshipper of Warmaster Okawaru
  1022 | D:2      | Reached * piety under Okawaru
  1022 | D:2      | Reached ** piety under Okawaru
  1060 | D:2      | Reached skill level 1 in Shields
  1194 | D:2      | Reached XP level 4. HP: 20/28 MP: 4/4
  1357 | D:2      | Noticed Jessica
  1379 | D:2      | Killed Jessica
  1379 | D:2      | Reached skill level 4 in Maces & Flails
  1899 | D:3      | Reached XP level 5. HP: 33/33 MP: 5/5
  1914 | D:3      | Found an opulent altar of Gozag.
  1915 | D:3      | Found Gozag's Platinum Reserve.
  2246 | D:3      | Found a hide-covered altar of Uskayaw.
  2294 | D:4      | Noticed Robin
  2309 | D:4      | Killed Robin
  2350 | D:4      | Noticed an ogre
  2707 | D:4      | Reached XP level 6. HP: 37/38 MP: 6/6
  2818 | D:4      | Reached skill level 5 in Maces & Flails
  3184 | D:4      | Noticed Ijyb
  3201 | D:4      | Blown up by Ijyb

Skill      XL: |  1  2  3  4  5  6 |
---------------+-------------------+-----
Armour         | 1 |  1.9
Shields        | 1 2 |  2.4
Dodging        | 3 |  3.3
Maces & Flails | 4 5 |  5.2
Fighting       | 4 |  4.0
Throwing       | |  0.1
Stealth        | |  2.6

Action                   |  1- 3 |  4- 6 || total
-------------------------+-------+-------++-------
Melee: Mace              |    93 |       ||    93
       Whip              |    46 |    46 ||    92
       Club              |       |   107 ||   107
Throw: Tomahawk          |       |     2 ||     2
       Throwing net      |       |     1 ||     1
Invok: Heroism           |       |     1 ||     1
Evoke: Wand              |       |     1 ||     1
  Use: Scroll            |     3 |     3 ||     6
       Potion            |     2 |     3 ||     5
 Stab: Sleeping          |       |     2 ||     2
       Distracted        |       |     1 ||     1
       Held in net/web   |       |     1 ||     1
  Eat: Chunk             |     1 |     6 ||     7
Armor: Leather armour    |    81 |    60 ||   141
       Robe              |     2 |       ||     2
Dodge: Dodged            |    88 |    64 ||   152
Block: Shield            |    67 |    53 ||   120
